 Dungeon Crawl Stone Soup version 0.28-a0-413-gde365fb1df (webtiles) character file.

Game seed: 16283143508567643128

15635 robertstho the Thaumaturge (level 12, -4/84 HPs)
             Began as a Djinni Fire Elementalist on Sept 7, 2021.
             Slain by a white ugly thing (6 damage)
             ... on level 12 of the Dungeon.
             The game lasted 00:24:36 (16678 turns).

robertstho the Thaumaturge (DjFE)                  Turns: 16678, Time: 00:24:37

Health: -4/84      AC: 11    Str: 11    XL:     12   Next: 60%
Gold:   1018       EV: 16    Int: 28    God:
                   SH:  5    Dex: 14

rFire   + + +      SeeInvis .   C - +8 quarterstaff of Hatred {vamp, rElec rF+ MP+9 Str+4}
rCold   x . .      Faith    .   (shield currently unavailable)
rNeg    . . .      Spirit   .   v - +0 acid dragon scales
rPois   ∞          Reflect  +   E - +2 helmet
rElec   +          Harm     .   f - +0 cloak
rCorr   +          Rampage  .   (no gloves)
Will    +....                   (boots unavailable)
Stlth   ++........              r - amulet of reflection
HPRegen 0.24/turn               o - +6 ring of intelligence
MPRegen 0.00/turn               z - +4 ring of evasion

@: flying
A: sickness immunity, fire resistance 2, cold vulnerability 1, float, innate
caster, hp casting, extra vitality 1
a: no special abilities


You were on level 12 of the Dungeon.
You visited 2 branches of the dungeon, and saw 13 of its levels.
You also visited: Bailey.

You collected 1108 gold pieces.
You spent 90 gold pieces at shops.

Inventory:

Hand Weapons
 n - a +0 falchion
 s - a +2 long sword of flaming
 x - a +4 scythe of venom
 C - the +8 quarterstaff of Hatred (weapon) {vamp, rElec rF+ MP+9 Str+4}
   (You found it on level 9 of the Dungeon)

   It occasionally heals its wielder for a portion of the damage dealt when it
   wounds a living foe.
   Str:       It affects your strength (+4).
   rF:        It protects you from fire.
   rElec:     It insulates you from electricity.
   MP:        It affects your magic capacity (+9).
Armour
 f - a +0 cloak (worn)
 t - a +0 buckler
 v - +0 acid dragon scales (worn)
 y - a +1 robe of cold resistance
 E - a +2 helmet (worn)
Jewellery
 o - a +6 ring of intelligence (left hand)
 r - an amulet of reflection (around neck)
 z - a +4 ring of evasion (right hand)
Wands
 b - a wand of paralysis (5)
 w - a wand of flame (50)
 D - a wand of iceblast (8)
Scrolls
 a - 4 scrolls of immolation
 c - a scroll of torment {unknown}
 h - a scroll of noise {unknown}
 i - 4 scrolls of enchant weapon {unknown}
 j - a scroll of blinking {unknown}
 k - 3 scrolls of silence
 l - 2 scrolls of enchant armour
 u - 2 scrolls of vulnerability
 A - 3 scrolls of teleportation
 B - a scroll of acquirement {unknown}
 H - a scroll of identify
Potions
 d - 4 potions of curing
 e - 3 potions of haste
 g - a potion of magic {unknown}
 m - a potion of mutation {unknown}
 p - 2 potions of attraction {unknown}
 q - a potion of resistance {unknown}
 F - a potion of flight {unknown}
Miscellaneous
 G - a tin of tremorstones (2/2)


   Skills:
 * Level 6.3 Fighting
 + Level 1.1(1.3) Polearms
 + Level 1.0(1.3) Staves
 + Level 2.9 Armour
 + Level 3.4 Dodging
 + Level 2.8 Stealth
 + Level 1.8 Shields
 * Level 13.4 Spellcasting


You had 10 spell levels left.
You knew the following spells:

 Your Spells              Type           Power      Damage    Failure   Level
a - Foxfire               Conj/Fire      100%       2x1d9     0%          1
b - Scorch                Fire           100%       2d10      1%          2
c - Conjure Flame         Conj/Fire      76%        6-21      1%          3
d - Inner Flame           Hex/Fire       76%        N/A       1%          3
e - Flame Wave            Conj/Fire      76%        3d13      1%          4
f - Animate Skeleton      Necr           100%       N/A       0%          1
g - Blink                 Tloc           N/A        N/A       1%          2
h - Ozocubu's Armour      Ice            76%        N/A       1%          3
i - Call Canine Familiar  Summ           76%        N/A       1%          3
j - Manifold Assault      Tloc           76%        N/A       1%          5
Your spell library was empty.

Dungeon Overview and Level Annotations

Branches:
Dungeon (12/15)            Temple (1/1) D:7            Lair (0/6) D:9
    Orc (0/2) D:12         Bailey (visited)

Altars:
Ashenzari
Cheibriados
Elyvilon
Fedhas
Hepliaklqana
Kikubaaqudgha
Makhleb
Nemelex Xobeh
Okawaru
Qazlal
Ru
Sif Muna
Trog
Uskayaw
Vehumet
Xom
Yredelemnul
Zin
The Shining One
Beogh

Shops:
D:6 :

Annotations:
D:12 FilthyApe's ghost, journeyman MiFi


Innate Abilities, Weirdness & Mutations

You are immune to sickness and miasma.
You are immune to poison.
Your flesh is very heat resistant. (rF++)
You are vulnerable to cold. (rC-)
You float through the air rather than walking.
You learn spells naturally, not from books.
Your magical power is your life essence.
You have superior vitality. (+4 HP)


Message History

A wave of flame ripples out!
The flame wave engulfs the slime creature!!
You kill the slime creature!
The flame wave engulfs the white ugly thing!
The white ugly thing is moderately wounded. (Press . to intensify the flame waves.)
The white ugly thing barely misses you.
Unknown command.
Casting: Flame Wave (safe; 1% risk of failure)
Confirm with . or Enter, or press ? or * to list all spells.
Restarting spell: Flame Wave (safe; 1% risk of failure)
Press: ? - help, Dir - look around, f - activate A wave of flame ripples out!
The flame wave engulfs the yak!
The yak is heavily wounded.
The flame wave engulfs the white ugly thing!
The white ugly thing is heavily wounded. (Press . to intensify the flame waves.)
A slime creature comes into view.
The white ugly thing stings you. The white ugly thing freezes you!!!
You feel a terrible chill!
Ouch! That really hurt!
* * * LOW HITPOINT WARNING * * *
Unknown command.
Casting: Flame Wave (safe; 1% risk of failure)
Confirm with . or Enter, or press ? or * to list all spells.
You don't have enough health to cast this spell.
A wave of flame ripples out!
The flame wave engulfs the yak!!
The yak is almost dead.
The flame wave engulfs the yak!!
You kill the yak!
The flame wave engulfs the white ugly thing!
The white ugly thing is severely wounded.
The flame wave engulfs the slime creature!
The slime creature is lightly wounded.
* * * LOW HITPOINT WARNING * * *
The slime creature quivers.
The yak barely misses you.
A slime creature comes into view.
The white ugly thing stings you.
You die...

... ... ...
#.# # #Y#
#..####Y#
#.JJ..Yu##
##J@.##
##.....##
##.......##
#.........#
+.........#
#.........#
##.......##
##..)(.## #
##...## .$Z


You could see a white ugly thing, 3 slime creatures and 3 yaks.

Vanquished Creatures
  A hydra (D:11)
  3 two-headed ogres
  4 centaur zombies (D:11)
  Maggie (D:8)
  A komodo dragon (D:12)
  2 kobold demonologists (D:11)
  Prince Ribbit (D:8)
  A slime creature (D:12)
  3 wraiths
  Sigmund (D:5)
  5 wyverns
  Eustachio (D:5)
  7 yaks
  6 vampire mosquitoes
  A steam dragon (D:9)
  3 water moccasins
  8 orc warriors
  5 black bears
  4 sky beasts
  A necrophage (D:6)
  An ogre (D:4)
  4 centaurs
  A phantom (D:4)
  3 kobold brigands (D:9)
  2 bullfrogs
  Blork the orc (D:5)
  4 scorpions
  A gnoll sergeant (D:10)
  A water moccasin skeleton (D:4)
  5 killer bees (D:8)
  A howler monkey (D:5)
  5 orc priests
  2 hounds
  An iron imp (D:5)
  A centaur skeleton (D:6)
  5 iguanas
  Natasha (D:2)
  6 orc wizards
  20 gnolls
  A howler monkey skeleton (D:7)
  4 adders
  2 shadow imps
  2 white imps
  3 worms
  55 orcs
  7 ball pythons
  A bat (D:3)
  8 endoplasms
  7 giant cockroaches
  11 goblins
  9 hobgoblins
  A jackal (D:1)
  34 kobolds
  A quokka (D:5)
  2 frilled lizards
  4 rats
276 creatures vanquished.

Vanquished Creatures (collateral kills)
  Snorg (D:11)
  Harold (D:8)
  A wraith (D:10)
  A yak (D:11)
  A vampire mosquito (D:12)
  A black bear (D:9)
  5 orc warriors
  A centaur (D:10)
  A bullfrog (D:9)
  An orc priest (D:9)
  A gnoll (Bailey)
  An orc (D:11)
  A goblin (D:12)
  A hobgoblin (D:12)
  A kobold (D:11)
19 creatures vanquished.

Vanquished Creatures (others)
  359 foxfires
  9 plants (D:9)
368 creatures vanquished.

Grand Total: 663 creatures vanquished

Notes
Turn   | Place    | Note
-------+----------+-------------------------------------------
     0 | D:1      | robertstho the Djinni Fire Elementalist began the quest for
                  | the Orb.
     0 | D:1      | Reached XP level 1. HP: 15/15 MP: 0/0
    93 | D:1      | Found a faded altar of an unknown god.
   433 | D:1      | Reached XP level 2. HP: 19/21 MP: 0/0
  1078 | D:2      | Reached skill level 3 in Spellcasting
  1078 | D:2      | Reached XP level 3. HP: 22/26 MP: 0/0
  1078 | D:2      | Learned a level 1 spell: Animate Skeleton
  1275 | D:2      | Reached skill level 1 in Fighting
  1939 | D:2      | Noticed Natasha
  1949 | D:2      | Killed Natasha
  1950 | D:2      | Reached XP level 4. HP: 19/32 MP: 0/0
  2824 | D:3      | Reached XP level 5. HP: 21/37 MP: 0/0
  2824 | D:3      | Learned a level 2 spell: Blink
  2828 | D:3      | Reached skill level 4 in Spellcasting
  3163 | D:3      | Found a sacrificial altar of Ru.
  3836 | D:3      | Reached XP level 6. HP: 38/42 MP: 0/0
  4104 | D:4      | Noticed an ogre
  4109 | D:4      | Killed an ogre
  4110 | D:4      | Reached skill level 5 in Spellcasting
  4391 | D:4      | Reached XP level 7. HP: 40/49 MP: 0/0
  4391 | D:4      | Learned a level 3 spell: Ozocubu's Armour
  4808 | D:4      | Reached skill level 6 in Spellcasting
  5194 | D:4      | Reached XP level 8. HP: 49/55 MP: 0/0
  5317 | D:4      | You are sucked into a shaft and drop 2 floors!
  5341 | D:6      | Found Zaseholot's Book Emporium.
  5490 | D:6      | Found a basalt altar of Yredelemnul.
  5541 | D:5      | Entered Level 5 of the Dungeon
  5742 | D:5      | You are sucked into a shaft and drop 1 floor!
  5786 | D:6      | Reached skill level 7 in Spellcasting
  6029 | D:5      | Noticed Eustachio
  6040 | D:5      | Killed Eustachio
  6207 | D:5      | Found a sparkling altar of Nemelex Xobeh.
  6210 | D:5      | Noticed Sigmund
  6218 | D:5      | Killed Sigmund
  6219 | D:5      | Reached XP level 9. HP: 42/61 MP: 0/0
  6219 | D:5      | Learned a level 3 spell: Call Canine Familiar
  6329 | D:5      | Found a snail-covered altar of Cheibriados.
  6357 | D:5      | Noticed Blork the orc
  6362 | D:5      | Killed Blork the orc
  6606 | D:5      | Found an iron altar of Okawaru.
  7018 | D:6      | Reached skill level 8 in Spellcasting
  7260 | D:7      | Found a staircase to the Ecumenical Temple.
  7499 | Temple   | Entered the Ecumenical Temple
  7825 | D:7      | Reached skill level 9 in Spellcasting
  8657 | D:8      | Noticed Maggie
  8658 | D:8      | Noticed Harold
  8661 | D:8      | Noticed Prince Ribbit
  8669 | D:8      | Killed Prince Ribbit
  9094 | D:8      | Killed Maggie
  9095 | D:8      | Reached XP level 10. HP: 53/68 MP: 0/0
  9107 | D:8      | Killed Harold
  9108 | D:8      | Reached skill level 1 in Polearms
  9108 | D:8      | Reached skill level 10 in Spellcasting
  9547 | D:8      | Found a shimmering altar of Xom.
  9548 | D:8      | Found a burning altar of Makhleb.
 10586 | D:9      | Reached skill level 1 in Armour
 10878 | D:9      | Reached skill level 11 in Spellcasting
 11142 | D:9      | Reached XP level 11. HP: 28/74 MP: 0/0
 11142 | D:9      | Learned a level 5 spell: Manifold Assault
 11207 | D:9      | Reached skill level 5 in Fighting
 11884 | D:9      | Found a staircase to the Lair.
 11914 | D:9      | Identified the +8 quarterstaff of Hatred {vamp, rElec rF+
                  | MP+9 Str+4}
 12412 | D:10     | Entered Level 10 of the Dungeon
 12590 | D:10     | Reached skill level 1 in Shields
 13274 | D:10     | Noticed a two-headed ogre
 13285 | D:10     | Killed a two-headed ogre
 13286 | D:10     | Reached skill level 12 in Spellcasting
 13785 | D:11     | Noticed a five-headed hydra
 13796 | D:11     | Killed a five-headed hydra
 13919 | D:11     | Noticed Snorg
 13928 | D:11     | Killed Snorg
 14434 | D:11     | Reached XP level 12. HP: 52/82 MP: 0/0
 15564 | D:11     | Noticed a two-headed ogre
 15570 | D:11     | Killed a two-headed ogre
 15571 | D:11     | Reached skill level 13 in Spellcasting
 15649 | D:11     | Noticed a two-headed ogre
 15656 | D:11     | Killed a two-headed ogre
 15724 | D:12     | Reached skill level 1 in Staves
 15831 | D:12     | Found a flagged portal.
 15842 | Bailey   | Entered a bailey
 16369 | D:12     | Found a staircase to the Orcish Mines.
 16548 | D:12     | Found Zin's Purification Station.
 16551 | D:12     | Found a glowing silver altar of Zin.
 16554 | D:12     | Bought a potion of curing for 90 gold pieces
 16653 | D:12     | Noticed FilthyApe's ghost (journeyman MiFi)
 16677 | D:12     | HP: 3/84 [white ugly thing (43)]
 16678 | D:12     | Slain by a white ugly thing

Illustrated notes

Levels and vault maps discovered:
D:1:      mrwooster_arrival_statue_2, layout_rooms,
          shapermc_ecumenical_altar_mp_highgroup, st_stairs_8,
          chequers_serial_rivers_small_a
D:2:      layout_basic, minmay_crystal_room, uniq_natasha
D:3:      layout_rooms, nicolae_ru_path_of_blood, serial_glass, glass_columns_a,
          glass_columns_a, glass_columns_b, glass_columns_b, item_on_display_a,
          item_on_display_a, feat_on_display, minmay_strange_pillars,
          hangedman_feature_mirror, minmay_door_square
D:4:      layout_gridville
D:5:      layout_rooms, lemuel_round_altar, kennysheep_mini, slow_altar_1,
          uniq_eustachio, uniq_sigmund, uniq_blork_the_orc
D:6:      layout_rooms, amcnicky_altar_gilded, mainiacjoe_overflow_alcove_1,
          serial_shops, nicolae_shop_behind_doors
D:7:      layout_rooms, mainiacjoe_overflow_boulevard,
          minmay_temple_entry_sparse_star
D:8:      layout_layer_cave, nicolae_overflow_hidden_temple, uniq_harold,
          uniq_maggie, uniq_prince_ribbit1
D:9:      layout_basic, minmay_lair_entry_grove, special_room [special_room_orc]
D:10:     layout_cave_pools
D:11:     layout_long_grid, uniq_snorg
D:12:     layout_loops_corners, orc_0_dummy, enter_bailey_4,
          muffindrake_ghost_dual_entry, chequers_serial_rivers_large_a,
          zin_purify, uniq_kirke
Temple:   compressed_dpeg_circular_temple

Skill      XL: |  1  2  3  4  5  6  7  8  9 10 11 12 |
---------------+-------------------------------------+-----
Spellcasting   | 3 4 5 6 7 9 11 12 13 | 13.4
Fighting       | 1 2 3 4 5 6 |  6.3
Stealth        | 2 |  2.8
Polearms       | 1 |  1.1
Armour         | 1 2 |  2.9
Dodging        | 3 |  3.4
Shields        | 1 |  1.8
Staves         | 1 |  1.0

Action                   |  1- 3 |  4- 6 |  7- 9 | 10-12 || total
-------------------------+-------+-------+-------+-------++-------
Melee: Scythe            |       |       |    15 |     2 ||    17
       Quarterstaff      |       |       |       |    18 ||    18
 Cast: Foxfire           |    86 |    31 |     2 |    93 ||   212
       Scorch            |       |    52 |   150 |   153 ||   355
       Call Canine Famil |       |       |     3 |    23 ||    26
       Flame Wave        |       |       |     1 |    86 ||    87
       Blink             |       |       |       |     2 ||     2
       Ozocubu's Armour  |       |       |       |     1 ||     1
Evoke: Wand              |       |       |       |     3 ||     3
  Use: Scroll            |       |       |    10 |     2 ||    12
       Potion            |       |       |     3 |     1 ||     4
 Stab: Sleeping          |       |       |       |     1 ||     1
Armor: Robe              |     1 |       |     7 |       ||     8
       Acid dragon scale |       |       |       |    51 ||    51
Dodge: Dodged            |     3 |     8 |    43 |   153 ||   207
Block: Other             |       |       |    13 |    53 ||    66
       Buckler           |       |       |     2 |       ||     2
       Reflection        |       |       |     2 |     7 ||     9

Table legend: (Time is in decaauts)
 A = Elapsed time spent in this place.
 B = Non-inter-level travel time spent in this place.
 C = Inter-level travel time spent in this place.
 D = Time resting spent in this place.
 E = Time spent auto-exploring this place.
 F = Levels seen in this place.
 G = Mean time per level.
                   A        B        C        D        E       F      G
               +--------+--------+--------+--------+--------+-----+--------+
         Total |  16696 |  15944 |    752 |   2667 |  11492 |  14 | 1192.6 |
       Dungeon |  16081 |  15364 |    717 |   2667 |  11046 |  12 | 1340.1 |
        Temple |    122 |     87 |     35 |      0 |     80 |   1 |  122.0 |
        Bailey |    491 |    491 |      0 |      0 |    366 |   1 |  491.0 |
               +--------+--------+--------+--------+--------+-----+--------+

Top non-repeatable levels by time:
     D:8: 2028 daAuts
    D:11: 1930 daAuts
     D:7: 1779 daAuts
     D:3: 1753 daAuts
     D:4: 1441 daAuts
     D:2: 1415 daAuts
    D:10: 1373 daAuts
     D:9: 1253 daAuts
     D:5: 1108 daAuts
     D:1: 924 daAuts
     D:6: 611 daAuts
  Bailey: 491 daAuts
    D:12: 462 daAuts
  Temple: 122 daAuts
